 Dungeon Crawl Stone Soup version 0.14-a0-1707-g75daffb (webtiles) character file.

178 Psiweapon the Vexing (level 4, 0/26 HPs)
             Began as a Kobold Arcane Marksman on Dec 31, 2013.
             Slain by Sigmund
             ... wielding a +2,+1 scythe
              (6 damage)
             ... on Level 2 of the Dungeon.
             The game lasted 00:06:30 (1837 turns).

Psiweapon the Vexing (Kobold Arcane Marksman)       Turns: 1837, Time: 00:06:30

HP   0/26        AC  2     Str 10      XL: 4   Next: 70%
MP   7/7         EV 15     Int 12      God:
Gold 96          SH  0     Dex 14      Spells:  1 memorised,  6 levels left

rFire  . . .     SeeInvis .     h - +0 spear
rCold  . . .     Clarity  .     a - +0 robe
rNeg   . . .     Conserve .     (no shield)
rPois  .         rCorr    .     (no helmet)
rElec  .         rRot     .     (no cloak)
SustAb . .       Spirit   .     (no gloves)
rMut   .         Warding  .     (no boots)
Saprov + + .     Stasis   .     (no amulet)
                                (no ring)
                                (no ring)

@: mildly poisoned, slightly resistant to hostile enchantments, unstealthy
A: disease resistance, carnivore 3, saprovore 2
a: no special abilities


You were on level 2 of the Dungeon.
You were completely stuffed.

You visited 1 branch of the dungeon, and saw 3 of its levels.

You collected 96 gold pieces.

Inventory:

Hand weapons
 b - a +0,+0 crossbow
 h - a +0,+0 spear (weapon)
Missiles
 c - 18 bolts
Armour
 a - a +0 robe (worn)
Comestibles
 f - 3 meat rations
 o - a rotting chunk of goblin flesh
 p - 2 rotting chunks of hobgoblin flesh
 q - a chunk of goblin flesh
Scrolls
 g - a scroll of enchant armour {unknown}
 j - a scroll of curse jewellery {unknown}
 k - 3 scrolls of identify {unknown}
 l - a scroll of teleportation {unknown}
 n - 2 scrolls of fear {unknown}
 s - a scroll of fog {unknown}
 t - a scroll of enchant weapon II {unknown}
Potions
 e - a potion of heal wounds {unknown}
 i - 3 potions of curing {unknown}
 m - a potion of paralysis {unknown}
 r - a potion of might {unknown}
 u - a potion of restore abilities {unknown}
 w - a potion of resistance {unknown}
Books
 d - a book of Debilitation

   Spells                             Type                      Level
   *Corona                            Hexes                        1
   Slow                               Hexes                        2
   Inner Flame                        Hexes/Fire                   3
   Enslavement                        Hexes                        4
   Cause Fear                         Hexes                        4
   Leda's Liquefaction                Hexes/Earth                  4


   Skills:
 + Level 1.9 Fighting
 + Level 3.2 Crossbows
 + Level 2.8 Dodging
 + Level 2.1 Spellcasting
 + Level 3.6 Hexes


You had 6 spell levels left.
You knew the following spells:

 Your Spells              Type           Power        Failure   Level  Hunger
a - Corona                Hex            #......      8%          1    ##.....


Dungeon Overview and Level Annotations

Branches:
Dungeon (3/16)

Altars:
Fedhas
Nemelex Xobeh

Annotations:
D:2 Sigmund


Innate Abilities, Weirdness & Mutations

You recuperate from illness quickly.
You are small and have problems with some larger weapons.
You are carnivorous and can eat meat at any time.
You can eat rotten meat.


Message History

The adder is severely wounded.
The adder closely misses you.
You closely miss the adder.
The adder is severely wounded.
The adder barely misses you. The adder closely misses you.
You hit the adder.
The adder is severely wounded.
The adder misses you.
You barely miss the adder.
The adder is severely wounded.
The adder barely misses you. The adder closely misses you.
You hit the adder.
You kill the adder!
r - a murky silvery potion
Found an escape hatch in the ceiling.
You smell something rotten. (slot p) Sigmund comes into view.
He is wielding a scythe.
Sigmund shouts!
Sigmund hits you from afar with a scythe.
You die...

#### #.# #.# #.#
#.# #####.###
#.......##### ..
#...........# #...
#..@........# #...
#.@......#
###...#####
#<..##...#
..........# ##.##
# # #.#....####
#.# ####.#.......#
#.#
...(...###...###.#
.................#
...#.#############
.. #.#


You could see Sigmund.

Vanquished Creatures
  Jessica (D:2)
  2 adders (D:2)
  A giant mite (D:1)
  5 hobgoblins
  4 kobolds
  A quokka (D:3)
  6 bats
  2 giant cockroaches (D:1)
  2 giant geckos
  A giant newt (D:1)
  8 goblins
  5 rats
38 creatures vanquished.

Vanquished Creatures (others)
  13 toadstools (D:3)
13 creatures vanquished.

Grand Total: 51 creatures vanquished

Notes
Turn   | Place    | Note
--------------------------------------------------------------
     0 | D:1      | Psiweapon, the Kobold Arcane Marksman, began the quest for the Orb.
     0 | D:1      | Reached XP level 1. HP: 12/12 MP: 2/2
   483 | D:1      | Reached XP level 2. HP: 16/16 MP: 3/3
   841 | D:1      | Reached XP level 3. HP: 18/20 MP: 4/4
  1315 | D:2      | Noticed Jessica
  1329 | D:2      | Killed Jessica
  1329 | D:2      | Reached XP level 4. HP: 14/26 MP: 4/6
  1484 | D:2      | Found a sparkling altar of Nemelex Xobeh.
  1652 | D:3      | Found a blossoming altar of Fedhas.
  1836 | D:2      | Noticed Sigmund
  1837 | D:2      | Slain by Sigmund

Action                   |  1- 3 |  4- 6 || total
-------------------------+-------+-------++-------
Melee: Spear             |   106 |    58 ||   164
       Unarmed           |     5 |       ||     5
 Fire: Crossbow          |    11 |       ||    11
 Cast: Corona            |     2 |       ||     2
 Stab: Sleeping          |     2 |       ||     2
